 Dungeon Crawl Stone Soup version 0.30-a0-21-g5d08c37080 (webtiles) character file.

Game seed: 1892966153509369191

88 Araneus the Insei (level 4, -2/35 HPs)
             Began as a Demonspawn Monk on Aug 24, 2022.
             Slain by an orc
             ... wielding a +0 club
              (3 damage)
             ... on level 3 of the Dungeon.
             The game lasted 00:03:45 (3557 turns).

Araneus the Insei (Demonspawn Monk)                 Turns: 3557, Time: 00:03:45

Health: -2/35      AC: -4    Str: 14    XL:     4   Next: 29%
Magic:  4/4        EV: 13    Int: 11    God:
Gold:   208        SH:  0    Dex: 15    Spells: 3/3 levels left

rFire   . . .      SeeInvis .      - Unarmed
rCold   . . .      Faith    .    (no shield)
rNeg    . . .      Spirit   .    a - +0 robe
rPois   .          Reflect  .    (no helmet)
rElec   .          Harm     .    (no cloak)
rCorr   .          Rampage  .    (no gloves)
Will    .....                    (no boots)
Stlth   ++........               (no amulet)
HPRegen 0.11/turn                (no ring)
MPRegen 0.09/turn                (no ring)

@: brilliant, corroded
A: thin metallic scales 1, ignite blood 1
a: no special abilities


You were on level 3 of the Dungeon.
You visited 1 branch of the dungeon, and saw 4 of its levels.

You collected 208 gold pieces.

Inventory:

Armour
 a - a +0 robe (worn)
Scrolls
 d - 4 scrolls of identify {unknown}
 e - 4 scrolls of fear {unknown}
 f - a scroll of butterflies {unknown}
 h - a scroll of enchant armour {unknown}
 i - a scroll of noise {unknown}
 j - 2 scrolls of blinking {unknown}
 k - a scroll of teleportation {unknown}
Potions
 b - a potion of ambrosia


   Skills:
 - Level 3.0 Fighting
 + Level 3.2 Dodging
 - Level 1.7 Stealth
 * Level 4.3 Unarmed Combat


You had 3 spell levels left.
You didn't know any spells.
Your spell library contained the following spells:

 Spells                   Type           Power      Damage    Failure   Level
 Apportation              Tloc           0%         N/A       34%         1
 Necrotise                Necr           0%         1d4       34%         1
 Sting                    Tmut/Pois      0%         1d3       34%         1
 Summon Small Mammal      Summ           0%         N/A       34%         1
 Poisonous Vapours        Pois/Air       0%         N/A       47%         2
 Call Canine Familiar     Summ           0%         N/A       71%         3
 Summon Guardian Golem    Hex/Summ       0%         N/A       71%         3
 Olgreb's Toxic Radiance  Pois           0%         N/A       98%         4


Dungeon Overview and Level Annotations

Branches:
Dungeon (4/15)
 Temple: D:4-7

Altars:


Innate Abilities, Weirdness & Mutations

You are partially covered in thin metallic scales. (AC +2)
Your demonic aura sometimes causes spilled blood to erupt in flames.


Message History

a +3 hand axe; a +0 ring mail
There is a stone staircase leading down, spattered with blood here.
You climb downwards.
The ufetubus barely misses you. The ufetubus hits you.
The ufetubus barely misses you.
The ufetubus hits you but does no damage.
The jelly closely misses you. The orc misses you.
The orc hits you with a +0 flail! The adder bites you but does no damage.
There is a stone staircase leading up, spattered with blood here.
The ufetubus misses you. The ufetubus closely misses you. The adder bites you.
The jelly hits you but does no damage. The orc misses you.
The orc hits you but does no damage.
The ufetubus hits you but does no damage. x2
You climb upwards.
There is a stone staircase leading down, spattered with blood here.
It was a potion of curing.
You feel better. The adder barely misses you. The ufetubus hits you.
The ufetubus closely misses you. The orc hits you with a +0 flail.
The orc hits you with a +0 club. The jelly hits you but does no damage.
The adder closely misses you.
It was a potion of brilliance.
You feel clever all of a sudden. The ufetubus closely misses you.
The ufetubus barely misses you. The orc misses you.
The jelly hits you but does no damage. The orc hits you but does no damage.
The adder closely misses you. The ufetubus barely misses you.
The ufetubus hits you.
You closely miss the adder. The ufetubus misses you.
The ufetubus barely misses you. The adder bites you but does no damage.
The orc misses you. The orc hits you but does no damage. The jelly hits you.
The acid corrodes you!
You are splashed with acid.
You feel better. The ufetubus closely misses you.
The ufetubus barely misses you. The adder misses you.
The orc hits you with a +0 flail. The orc closely misses you.
The jelly hits you. The acid corrodes you!
You are splashed with acid!
* * * LOW HITPOINT WARNING * * *
The ufetubus closely misses you. The ufetubus misses you.
The adder barely misses you.
You closely miss the orc. The ufetubus closely misses you.
The ufetubus hits you.
* * * LOW HITPOINT WARNING * * *
The orc hits you with a +0 club.
You die...

..##.#..##.#..# ..#.##..#.##..#
##....##....### .#.##..#.##..##
#..##.#..##.#.# ##....##....#####
..##.#..##.#....##
..#.##..#.##...Jo#
##....##....###o@#
.#.##..#[##..##S5#############
#..##.#.(##.#.#..##..........##
##....##....###..##.#.#####...#
..##.#..##.#..#<.##.#.#...#.#.#
..#.##..#.##..#.....#.#.#.#.#.#
##....##....###.#.#.#.#.#.#.#.#
.#.##..#.##..##.#.#.#...#†#(#.#
#..##.#..##.#.#.#...#####.#.#.###


You could see a jelly, an adder, 2 orcs and an ufetubus.

Vanquished Creatures
  4 adders
  A worm (D:2)
  A dart slug (D:2)
  2 orcs (D:3)
  7 ball pythons
  5 endoplasms
  A giant cockroach (D:2)
  4 goblins
  2 hobgoblins
  4 quokkas
  2 bats
  A frilled lizard (D:2)
  6 kobolds
  2 rats
42 creatures vanquished.

Notes
Turn   | Place    | Note
-------+----------+-------------------------------------------
     0 | D:1      | Araneus the Demonspawn Monk began the quest for the Orb.
     0 | D:1      | Reached XP level 1. HP: 18/18 MP: 1/1
   183 | D:1      | Found a faded altar of an unknown god.
   197 | D:1      | Reached skill level 3 in Unarmed Combat
   417 | D:1      | Gained mutation: You are partially covered in thin metallic
                  | scales. (AC +2) [demonic ancestry]
   417 | D:1      | Reached XP level 2. HP: 23/24 MP: 2/2
  1235 | D:2      | Gained mutation: Your demonic aura sometimes causes spilled
                  | blood to erupt in flames. [demonic ancestry]
  1235 | D:2      | Reached XP level 3. HP: 23/29 MP: 3/3
  2120 | D:2      | Reached skill level 4 in Unarmed Combat
  2769 | D:3      | Reached XP level 4. HP: 32/35 MP: 4/4
  3557 | D:3      | HP: 1/35 [ufetubus (4)]
  3557 | D:3      | Slain by an orc

Illustrated notes

Levels and vault maps discovered:
D:1:      dpeg_arrival_leaves_temple_mockup, layout_basic,
          ebering_ecumenical_altar_petrified
D:2:      layout_basic
D:3:      layout_loops_ring, nicolae_eternal_life, roderic_lattice_a
D:4:      layout_cave_pools, fedhas_altar_3, mainiacjoe_overflow_paths,
          serial_column_ruins, column_ruins_hut, column_ruins_square_small,
          column_ruins_open_small, column_ruins_grid_1, column_ruins_open_small,
          column_ruins_open_small_water, column_ruins_open_tiny, serial_shops,
          shop, st_stairs_9, nicolae_specific_store, kennysheep_cross_bottleneck

Skill      XL: |  1  2  3 |
---------------+----------+-----
Unarmed Combat | 3 4 |  4.3
Dodging        | 3 |  3.2
Fighting       | |  3.0
Stealth        | |  1.7

Action                   |  1- 3 |  4- 6 || total
-------------------------+-------+-------++-------
Melee: Unarmed           |   161 |    40 ||   201
       Punch             |     4 |     2 ||     6
  Use: Potion            |       |     3 ||     3
 Stab: Sleeping          |     6 |     2 ||     8
Armor: Robe              |    29 |    15 ||    44
Dodge: Dodged            |   112 |    45 ||   157

Table legend: (Time is in decaauts)
 A = Elapsed time spent in this place.
 B = Non-inter-level travel time spent in this place.
 C = Inter-level travel time spent in this place.
 D = Time resting spent in this place.
 E = Time spent auto-exploring this place.
 F = Levels seen in this place.
 G = Mean time per level.
                   A        B        C        D        E       F      G
               +--------+--------+--------+--------+--------+-----+--------+
         Total |   3545 |   3376 |    169 |    156 |   2803 |   4 |  886.2 |
       Dungeon |   3545 |   3376 |    169 |    156 |   2803 |   4 |  886.2 |
               +--------+--------+--------+--------+--------+-----+--------+

Top non-repeatable levels by time:
     D:2: 1548 daAuts
     D:3: 1145 daAuts
     D:1: 770 daAuts
     D:4: 80 daAuts
